 Dungeon Crawl Stone Soup version 0.27-a0-633-gc6addc0a40 (webtiles) character file.

Game seed: 10320495439156190707

9515 spiderkeys the Artisan of Death (level 11, -13/82 HPs)
             Began as a Gnoll Necromancer on Mar 13, 2021.
             Was a Priest of Kikubaaqudgha.
             Mangled by an ettin
             ... wielding a +1 dire flail of holy wrath
              (44 damage)
             ... on level 10 of the Dungeon.
             The game lasted 00:35:40 (17246 turns).

spiderkeys the Artisan of Death (GnNe)             Turns: 17246, Time: 00:35:40

Health: -13/82     AC: 13    Str:  9    XL:     11   Next: 47%
Magic:  22/23      EV: 15    Int: 23    God:    Kikubaaqudgha [***...]
Gold:   762        SH:  5    Dex: 12    Spells: 7/26 levels left

rFire    + . .     SeeInvis .   H - +3 lajatang
rCold    . . .     Faith    .   (shield currently unavailable)
rNeg     . . .     Spirit   .   c - +1 robe {rF+}
rPois    .         Reflect  +   (no helmet)
rElec    .         Harm     .   x - +0 cloak
rCorr    .         Rampage  .   s - +0 pair of gloves
Will     .....                  L - +2 pair of boots
Stlth    ++++......             w - amulet of reflection
HPRegen  0.23/turn              q - +6 ring of intelligence
MPRegen  0.18/turn              G - +4 ring of protection

@: about to teleport
A: fangs 1, strong nose, distributed training
a: Renounce Religion, Receive Corpses


You were on level 10 of the Dungeon.
You worshipped Kikubaaqudgha.
Kikubaaqudgha was most pleased with you.
You visited 3 branches of the dungeon, and saw 13 of its levels.

You collected 804 gold pieces.
You spent 42 gold pieces at shops.

Inventory:

Hand Weapons
 j - a +0 short sword
 H - a +3 lajatang (weapon)
Missiles
 d - 68 poisoned darts
 n - a throwing net
 E - 2 silver boomerangs
Armour
 c - a +1 robe of fire resistance (worn)
 s - a +0 pair of gloves (worn)
 x - a +0 cloak (worn)
 L - a +2 pair of boots (worn)
Jewellery
 p - a ring of see invisible
 q - a +6 ring of intelligence (right hand)
 w - an amulet of reflection (around neck)
 G - a +4 ring of protection (left hand)
 K - a ring of fire
Wands
 y - a wand of acid (7)
 z - a wand of polymorph (17)
 I - a wand of mindburst (17)
 J - a wand of iceblast (6)
Scrolls
 g - a scroll of immolation
 h - 7 scrolls of teleportation
 r - 2 scrolls of enchant armour
 C - 2 scrolls of fog
 D - 3 scrolls of enchant weapon
Potions
 a - 3 potions of cancellation
 e - 3 potions of lignification
 k - 3 potions of might
 l - a potion of flight {unknown}
 m - 2 potions of heal wounds
 o - 2 potions of attraction
 t - a potion of curing
 u - 4 potions of mutation
 v - a potion of magic {unknown}
 A - 9 potions of ambrosia
 B - 3 potions of berserk rage


   Skills:
 + Level 6.3 Fighting
 + Level 6.3 Short Blades
 + Level 6.3 Long Blades
 + Level 6.3 Axes
 + Level 6.3 Maces & Flails
 + Level 6.3 Polearms
 + Level 6.3 Staves
 + Level 6.3 Slings
 + Level 6.3 Bows
 + Level 6.3 Crossbows
 + Level 6.3 Throwing
 + Level 6.3 Armour
 + Level 7.9 Dodging
 + Level 7.7 Stealth
 + Level 6.3 Shields
 + Level 6.3 Unarmed Combat
 + Level 8.1 Spellcasting
 + Level 5.2 Conjurations
 + Level 5.2 Hexes
 + Level 5.2 Summonings
 + Level 8.9 Necromancy
 + Level 5.2 Translocations
 + Level 5.2 Transmutations
 + Level 5.2 Fire Magic
 + Level 5.2 Ice Magic
 + Level 5.2 Air Magic
 + Level 5.2 Earth Magic
 + Level 5.2 Poison Magic
 + Level 6.9 Invocations
 + Level 6.3 Evocations


You had 7 spell levels left.
You knew the following spells:

 Your Spells              Type           Power      Damage    Failure   Level
a - Pain                  Necr           100%       1d9       1%          1
b - Vampiric Draining     Necr           25%        2d9       1%          3
c - Animate Dead          Necr           25%        N/A       1%          4
d - Corpse Rot            Necr/Air       N/A        N/A       1%          2
e - Dispel Undead         Necr           50%        3d19      1%          4
f - Agony                 Necr           50%        N/A       4%          5

Your spell library contained the following spells:

 Spells                   Type           Power      Damage    Failure   Level
 Animate Skeleton         Necr           100%       N/A       1%          1
 Sublimation of Blood     Necr           25%        N/A       1%          2
 Excruciating Wounds      Necr           25%        N/A       4%          5
 Death Channel            Necr           25%        N/A       26%         6
 Simulacrum               Ice/Necr       21%        N/A       50%         6


Dungeon Overview and Level Annotations

Branches:
Dungeon (11/15)            Temple (1/1) D:7            Lair (0/6) D:10
    Orc (1/2) D:10

Altars:
Ashenzari
Cheibriados
Dithmenos
Elyvilon
Fedhas
Gozag
Kikubaaqudgha
Nemelex Xobeh
Okawaru
Qazlal
Ru
Trog
Uskayaw
Wu Jian
Xom
Yredelemnul
Zin

Shops:
D:4 !


Innate Abilities, Weirdness & Mutations

You have very sharp teeth.
Your uncanny sense of smell can sniff out nearby items.
Your experience applies equally to all skills.


Message History

You climb upwards.
There is a stone staircase leading down here.
You see here a +0 giant club.
You enter the shallow water.
Moving in this stuff is going to be slow.
You see here a +0 hand axe.
You see here a +0 hand axe.
Things that are here:
a +0 leather armour; a +0 hand axe
There is a staircase to the Orcish Mines here.
You climb downwards.
Welcome to the Orcish Mines!
An orc, an orc warrior and an ettin come into view.
The orc warrior is wielding a +1 antimagic hand axe.
The ettin is wielding a +1 dire flail of holy wrath and a +0 dire flail.
Found 83 gold pieces.
Found a stone staircase leading down.
There is a staircase back to the Dungeon here.
The ettin shouts in stereo!
The ettin struggles to resist.
The orc shouts!
An orc comes into view. It is wielding a +0 flail.
The ettin writhes in agony.
The orc shouts!
The ettin struggles to resist.
An ogre comes into view. It is wielding a +0 giant club.
The ettin hits you with a +1 dire flail of holy wrath!
The ettin closely misses you.
You climb upwards.
Welcome back to the Dungeon!
There is a staircase to the Orcish Mines here.
Press: ? - help, v - describe, . - travel, g - get item
Items here: a +0 leather armour; a +0 hand axe.
The floor.
The ettin writhes in agony.
The ettin hits you with a +1 dire flail of holy wrath!!!
The ettin hits you with a +0 dire flail!
Okay, then.
As you read the scroll of teleportation, it crumbles to dust.
You feel strangely unstable.
The ettin hits you with a +1 dire flail of holy wrath!!!
Ouch! That really hurt!
You die...
Kikubaaqudgha rasps: "You have failed me!
Welcome... death!"

............#######.....#PPPP....
..#............#####....#PPPP....
###.#####......##.......#PPP....#
.....# #......##.###'###P.P....#
.....## #......##'###.####P....##
......# ##..........#...###...##
......## #..........'.#.......#
#####..######>......#########.#
##......#...@C..# #.##
#......#.......##### #..#
#...[..#...........# ##.#
######......#.#########.### #.#
≈≈≈≈≈≈........# ####.....####.#
≈≈≈≈≈≈≈...###.# #.....8.....#.#
≈≈≈≈≈#≈...#...# ##...........#.#
≈≈≈≈≈≈≈≈..#.#.###..............#
≈≈≈≈≈≈≈≈≈≈#.#.##..8....>....8..#


You could see an ettin.

Vanquished Creatures
  Harold (D:7)
  A manticore (D:11)
  Maurice (D:8)
  A queen bee (D:10)
  A troll (D:9)
  Prince Ribbit (D:5)
  Eustachio (D:5)
  A basilisk (D:9)
  Grum (D:8)
  A water moccasin (D:9)
  8 orc warriors
  A black bear (D:7)
  2 sky beasts (D:9)
  3 ice beasts
  A necrophage (D:7)
  4 wolves
  8 ogres
  3 centaurs
  2 phantoms
  3 kobold brigands
  Blork the orc (D:4)
  6 bullfrogs
  A wyvern zombie (D:7)
  A water moccasin zombie (D:6)
  6 scorpions
  30 killer bees
  3 electric eels (D:10)
  A howler monkey (D:6)
  6 bullfrog zombies
  4 centaur zombies (D:6)
  A jelly (D:5)
  A quasit (D:7)
  Crazy Yiuf (D:3)
  3 bullfrog skeletons
  2 hounds
  3 orc priests
  Jessica (D:2)
  4 centaur skeletons
  6 iguanas
  6 orc wizards
  5 worker ants
  2 howler monkey zombies
  A worker ant zombie (D:7)
  4 gnolls (D:5)
  10 adders
  A howler monkey skeleton (D:9)
  A shadow imp (D:7)
  3 white imps
  An ufetubus (D:7)
  2 oozes
  3 adder skeletons
  2 worms
  3 dart slugs
  5 leopard geckos
  44 orcs
  3 ball pythons (D:2)
  9 bats
  3 giant cockroaches
  10 goblins
  9 hobgoblins
  16 jackals
  3 quokkas
  4 frilled lizards
  27 kobolds
  A leopard gecko skeleton (D:4)
  A leopard gecko zombie (D:8)
  A quokka zombie (D:7)
  14 rats
320 creatures vanquished.

Vanquished Creatures (collateral kills)
  2 killer bees (D:10)
2 creatures vanquished.

Vanquished Creatures (others)
  An orc wizard (D:9)
  A plant (D:10)
  2 withered plants (D:6)
4 creatures vanquished.

Grand Total: 326 creatures vanquished

Notes
Turn   | Place    | Note
-------+----------+-------------------------------------------
     0 | D:1      | spiderkeys the Gnoll Necromancer began the quest for the
                  | Orb.
     0 | D:1      | Reached XP level 1. HP: 13/13 MP: 6/6
   209 | D:1      | Reached XP level 2. HP: 14/20 MP: 2/7
   706 | D:1      | You fall into a shaft and drop 1 floor!
   727 | D:2      | Reached XP level 3. HP: 20/25 MP: 3/9
   797 | D:2      | Reached skill level 5 in Spellcasting
   907 | D:2      | Found a shimmering altar of Xom.
  1065 | D:1      | Reached skill level 1 in Invocations
  1757 | D:2      | Reached skill level 1 in Fighting
  1757 | D:2      | Reached skill level 1 in Short Blades
  1757 | D:2      | Reached skill level 1 in Long Blades
  1757 | D:2      | Reached skill level 1 in Axes
  1757 | D:2      | Reached skill level 1 in Maces & Flails
  1757 | D:2      | Reached skill level 1 in Polearms
  1757 | D:2      | Reached skill level 1 in Staves
  1757 | D:2      | Reached skill level 1 in Slings
  1757 | D:2      | Reached skill level 1 in Bows
  1757 | D:2      | Reached skill level 1 in Crossbows
  1757 | D:2      | Reached skill level 1 in Throwing
  1757 | D:2      | Reached skill level 1 in Armour
  1757 | D:2      | Reached skill level 1 in Shields
  1757 | D:2      | Reached skill level 1 in Unarmed Combat
  1757 | D:2      | Reached skill level 1 in Evocations
  1891 | D:2      | Noticed Jessica
  1895 | D:2      | Killed Jessica
  1896 | D:2      | Reached XP level 4. HP: 25/32 MP: 3/11
  2253 | D:3      | Learned a level 3 spell: Vampiric Draining
  2258 | D:3      | Learned a level 4 spell: Animate Dead
  2263 | D:3      | Reached skill level 1 in Conjurations
  2263 | D:3      | Reached skill level 1 in Hexes
  2263 | D:3      | Reached skill level 1 in Summonings
  2263 | D:3      | Reached skill level 1 in Translocations
  2263 | D:3      | Reached skill level 1 in Transmutations
  2263 | D:3      | Reached skill level 1 in Fire Magic
  2263 | D:3      | Reached skill level 1 in Ice Magic
  2263 | D:3      | Reached skill level 1 in Air Magic
  2263 | D:3      | Reached skill level 1 in Earth Magic
  2263 | D:3      | Reached skill level 1 in Poison Magic
  2320 | D:3      | Found a runed translucent door.
  2321 | D:3      | Noticed Crazy Yiuf
  2417 | D:3      | Reached XP level 5. HP: 32/37 MP: 6/12
  2880 | D:3      | Noticed a phantom
  2897 | D:3      | Killed a phantom
  2965 | D:3      | Found an ornate altar of the Wu Jian Council.
  3112 | D:3      | Reached XP level 6. HP: 36/44 MP: 8/13
  3294 | D:3      | Found a shadowy altar of Dithmenos.
  3298 | D:3      | Found a bloodstained altar of Trog.
  3522 | D:3      | Killed Crazy Yiuf
  3768 | D:4      | Found a sparkling altar of Nemelex Xobeh.
  3950 | D:4      | Reached skill level 5 in Dodging
  3986 | D:4      | You fall into a shaft and drop 1 floor!
  3986 | D:5      | Entered Level 5 of the Dungeon
  4067 | D:4      | Found Tecukhik's Distillery.
  4474 | D:4      | Bought a potion of curing for 42 gold pieces
  4638 | D:4      | Noticed Blork the orc
  4645 | D:4      | Killed Blork the orc
  4646 | D:4      | Reached XP level 7. HP: 43/50 MP: 9/15
  5237 | D:5      | Reached skill level 5 in Stealth
  5397 | D:5      | Reached XP level 8. HP: 54/57 MP: 12/16
  5423 | D:5      | Noticed Prince Ribbit
  5435 | D:5      | Killed Prince Ribbit
  5596 | D:5      | Noticed Eustachio
  5642 | D:5      | Killed Eustachio
  6040 | D:5      | Found a sacrificial altar of Ru.
  6819 | D:6      | Reached XP level 9. HP: 36/65 MP: 18/18
  8649 | D:7      | Found a staircase to the Ecumenical Temple.
  8674 | Temple   | Entered the Ecumenical Temple
  8992 | Temple   | Became a worshipper of Kikubaaqudgha
  9026 | D:7      | Noticed Harold
  9056 | D:7      | HP: 3/65 [Harold/+0 vorpal hand axe (2)]
  9071 | D:7      | Killed Harold
  9072 | D:7      | Reached skill level 5 in Invocations
  9748 | D:7      | Reached XP level 10. HP: 71/73 MP: 20/20
 10143 | D:7      | Reached skill level 5 in Fighting
 10143 | D:7      | Reached skill level 5 in Short Blades
 10143 | D:7      | Reached skill level 5 in Long Blades
 10143 | D:7      | Reached skill level 5 in Axes
 10143 | D:7      | Reached skill level 5 in Maces & Flails
 10143 | D:7      | Reached skill level 5 in Polearms
 10143 | D:7      | Reached skill level 5 in Staves
 10143 | D:7      | Reached skill level 5 in Slings
 10143 | D:7      | Reached skill level 5 in Bows
 10143 | D:7      | Reached skill level 5 in Crossbows
 10143 | D:7      | Reached skill level 5 in Throwing
 10143 | D:7      | Reached skill level 5 in Armour
 10143 | D:7      | Reached skill level 5 in Shields
 10143 | D:7      | Reached skill level 5 in Unarmed Combat
 10143 | D:7      | Reached skill level 5 in Evocations
 10805 | D:8      | Reached * piety under Kikubaaqudgha
 10805 | D:8      | Identified Kikubaaqudgha's Incunabulum of Black Secrets
                  | (Kikubaaqudgha gifted it to you on level 8 of the Dungeon)
 10805 | D:8      | Received a gift from Kikubaaqudgha
 10989 | D:8      | Learned a level 2 spell: Corpse Rot
 11071 | D:8      | Found a blossoming altar of Fedhas.
 11212 | D:8      | Noticed Maurice
 11360 | D:8      | Killed Maurice
 11456 | D:8      | Noticed Grum
 11800 | D:8      | Killed Grum
 12541 | D:9      | Reached ** piety under Kikubaaqudgha
 13019 | D:9      | Found a shadowy altar of Dithmenos.
 13742 | D:9      | Reached XP level 11. HP: 81/81 MP: 12/22
 14214 | D:9      | Found a basalt altar of Yredelemnul.
 14407 | D:10     | Entered Level 10 of the Dungeon
 14782 | D:10     | Reached skill level 5 in Conjurations
 14782 | D:10     | Reached skill level 5 in Hexes
 14782 | D:10     | Reached skill level 5 in Summonings
 14782 | D:10     | Reached skill level 5 in Translocations
 14782 | D:10     | Reached skill level 5 in Transmutations
 14782 | D:10     | Reached skill level 5 in Fire Magic
 14782 | D:10     | Reached skill level 5 in Ice Magic
 14782 | D:10     | Reached skill level 5 in Air Magic
 14782 | D:10     | Reached skill level 5 in Earth Magic
 14782 | D:10     | Reached skill level 5 in Poison Magic
 14783 | D:10     | Reached *** piety under Kikubaaqudgha
 14783 | D:10     | Identified Kikubaaqudgha's Compendium of Darkness
                  | (Kikubaaqudgha gifted it to you on level 10 of the Dungeon)
 14783 | D:10     | Received a gift from Kikubaaqudgha
 15122 | D:10     | Learned a level 4 spell: Dispel Undead
 15195 | D:10     | Found a staircase to the Orcish Mines.
 15315 | D:10     | Found a staircase to the Lair.
 16706 | D:10     | Learned a level 5 spell: Agony
 17061 | D:11     | Noticed a manticore
 17072 | D:11     | Killed a manticore
 17227 | Orc:1    | Entered Level 1 of the Orcish Mines
 17227 | Orc:1    | Noticed an ettin
 17246 | D:10     | Mangled by an ettin

Illustrated notes

Levels and vault maps discovered:
D:1:      wander_arrival_fairy_ring, layout_basic, serial_rivers,
          chequers_serial_rivers_micro_d, chequers_serial_rivers_micro_b,
          chequers_serial_rivers_micro_d, chequers_serial_rivers_marsh,
          chequers_serial_rivers_micro_b, chequers_serial_rivers_micro_c,
          glass_columns_a, minmay_rat_gold_closets
D:2:      layout_rooms, overflow_temple_1_default, uniq_jessica
D:3:      layout_loops_ring, nicolae_overflow_hidden_temple,
          lemuel_doored_altar, amethyst_killhole, st_stairs_13,
          kennysheep_generic_room_8, uniq_crazy_yiuf_cottage
D:4:      layout_loops_ring, marbit_many_paths, serial_shops,
          nicolae_shop_window_shopping, uniq_blork_the_orc
D:5:      layout_loops_ring, lemuel_crystal_altar, nrook_mini_vaults,
          minmay_misc_feat_alley, uniq_eustachio, uniq_prince_ribbit1
D:6:      layout_basic, serial_undead, serial_undead_b, serial_undead_e,
          serial_undead_c, serial_undead_b, serial_undead_f, serial_undead_a
D:7:      layout_gridville, minmay_temple_entry_ruins, uniq_harold
D:8:      layout_rooms, fedhas_altar_3, uniq_maurice, uniq_grum
D:9:      minmay_goldmine, layout_basic, nicolae_overflow_crystal_walls,
          grunt_dithmenos_smoke
D:10:     layout_basic, david_lair_shrubbed, david_orc_2, special_room
          [special_room_bee]
D:11:     layout_rooms
Temple:   dpeg_chambers_temple
Orc:1:    layout_diamond_mine, chequers_guarded_unrand_ignorance, uniq_fannar

Skill      XL: |  1  2  3  4  5  6  7  8  9 10 11 |
---------------+----------------------------------+-----
Spellcasting   | 5 6 7 8 |  8.1
Invocations    | 1 2 3 4 5 6 |  6.9
Fighting       | 1 2 3 4 5 6 |  6.3
Short Blades   | 1 2 3 4 5 6 |  6.3
Long Blades    | 1 2 3 4 5 6 |  6.3
Axes           | 1 2 3 4 5 6 |  6.3
Maces & Flails | 1 2 3 4 5 6 |  6.3
Polearms       | 1 2 3 4 5 6 |  6.3
Staves         | 1 2 3 4 5 6 |  6.3
Slings         | 1 2 3 4 5 6 |  6.3
Bows           | 1 2 3 4 5 6 |  6.3
Crossbows      | 1 2 3 4 5 6 |  6.3
Throwing       | 1 2 3 4 5 6 |  6.3
Armour         | 1 2 3 4 5 6 |  6.3
Shields        | 1 2 3 4 5 6 |  6.3
Unarmed Combat | 1 2 3 4 5 6 |  6.3
Evocations     | 1 2 3 4 5 6 |  6.3
Conjurations   | 1 2 3 4 5 |  5.2
Hexes          | 1 2 3 4 5 |  5.2
Summonings     | 1 2 3 4 5 |  5.2
Translocations | 1 2 3 4 5 |  5.2
Transmutations | 1 2 3 4 5 |  5.2
Fire Magic     | 1 2 3 4 5 |  5.2
Ice Magic      | 1 2 3 4 5 |  5.2
Air Magic      | 1 2 3 4 5 |  5.2
Earth Magic    | 1 2 3 4 5 |  5.2
Poison Magic   | 1 2 3 4 5 |  5.2
Dodging        | 5 6 7 |  7.9
Stealth        | 5 6 7 |  7.7
Necromancy     | 8 |  8.9

Action                   |  1- 3 |  4- 6 |  7- 9 | 10-12 || total
-------------------------+-------+-------+-------+-------++-------
Melee: Unarmed           |     1 |       |       |       ||     1
       Short sword       |     1 |       |       |       ||     1
       Battleaxe         |       |    18 |   283 |       ||   301
       Bite              |       |     2 |    21 |    20 ||    43
       Lajatang          |       |       |     7 |   342 ||   349
Throw: Throwing net      |       |       |     1 |       ||     1
 Cast: Pain              |    85 |    91 |    84 |   180 ||   440
       Vampiric Draining |       |       |    25 |    82 ||   107
       Corpse Rot        |       |       |       |     4 ||     4
       Animate Dead      |       |       |       |     3 ||     3
Evoke: Wand              |       |       |       |     3 ||     3
  Use: Potion            |       |       |     3 |     3 ||     6
       Scroll            |       |       |       |    17 ||    17
 Stab: Sleeping          |       |       |     9 |     6 ||    15
       Distracted        |       |       |     1 |     1 ||     2
Armor: Robe              |     5 |     6 |   102 |   171 ||   284
Dodge: Dodged            |     8 |    25 |   325 |   487 ||   845
Block: Other             |       |     3 |    96 |   149 ||   248
       Reflection        |       |       |     1 |     2 ||     3

Table legend: (Time is in decaauts)
 A = Elapsed time spent in this place.
 B = Non-inter-level travel time spent in this place.
 C = Inter-level travel time spent in this place.
 D = Time resting spent in this place.
 E = Time spent auto-exploring this place.
 F = Levels seen in this place.
 G = Mean time per level.
                   A        B        C        D        E       F      G
               +--------+--------+--------+--------+--------+-----+--------+
         Total |  17468 |  16904 |    564 |   3569 |  10611 |  13 | 1343.7 |
       Dungeon |  17114 |  16599 |    515 |   3394 |  10491 |  11 | 1555.8 |
        Temple |    349 |    300 |     49 |    175 |    120 |   1 |  349.0 |
  Orcish Mines |      4 |      4 |      0 |      0 |      0 |   1 |    4.0 |
               +--------+--------+--------+--------+--------+-----+--------+

Top non-repeatable levels by time:
    D:10: 2702 daAuts
     D:7: 2286 daAuts
     D:6: 2100 daAuts
     D:9: 2041 daAuts
     D:5: 1855 daAuts
     D:3: 1526 daAuts
     D:1: 1418 daAuts
     D:8: 1186 daAuts
     D:4: 1025 daAuts
     D:2: 820 daAuts
  Temple: 349 daAuts
    D:11: 149 daAuts
   Orc:1: 4 daAuts
